Dernière mise à jour: 2024-04-25 18:50:02
% Time on Ice - ANAHEIM OUTLAWS
Lines # - Real PCT - Wanted PCT - Time Play
Normal Forward
1 - 36% - 36% - 18:55
2 - 27% - 31% - 14:15
3 - 25% - 23% - 12:57
4 - 11% - 10% - 5:55
Normal Defense
1 - 31% - 36% - 16:15
2 - 29% - 31% - 14:57
3 - 31% - 23% - 16:19
4 - 9% - 10% - 4:31
PP Forward
1 - 38% - 55% - 0:45
2 - 62% - 45% - 1:14
PP Defense
1 - 38% - 55% - 0:45
2 - 62% - 45% - 1:14
PK Forward
1 - 60% - 55% - 3:34
2 - 40% - 45% - 2:25
PK Defense
1 - 36% - 55% - 2:09
2 - 64% - 45% - 3:50
PK3 Forward
1 - 0% - 55%
2 - 0% - 45%
PK3 Defense
1 - 0% - 55%
2 - 0% - 45%
44 Forward
1 - 0% - 55%
2 - 0% - 45%
44 Defense
1 - 0% - 55%
2 - 0% - 45%
Last Minute Offensive  - 0:00
Last Minute Defensive  - 0:00
Total
Forward - 60:00
Defense - 60:00
% Time on Ice - PORTLAND PIRATES
Lines # - Real PCT - Wanted PCT - Time Play
Normal Forward
1 - 33% - 33% - 17:17
2 - 33% - 33% - 17:15
3 - 24% - 24% - 12:36
4 - 9% - 10% - 4:54
Normal Defense
1 - 37% - 35% - 19:06
2 - 36% - 35% - 18:54
3 - 19% - 20% - 9:44
4 - 8% - 10% - 4:18
PP Forward
1 - 43% - 60% - 2:33
2 - 57% - 40% - 3:26
PP Defense
1 - 59% - 60% - 3:33
2 - 41% - 40% - 2:26
PK Forward
1 - 76% - 55% - 1:31
2 - 24% - 45% - 0:28
PK Defense
1 - 37% - 55% - 0:44
2 - 63% - 45% - 1:15
PK3 Forward
1 - 0% - 55%
2 - 0% - 45%
PK3 Defense
1 - 0% - 55%
2 - 0% - 45%
44 Forward
1 - 0% - 55%
2 - 0% - 45%
44 Defense
1 - 0% - 55%
2 - 0% - 45%
Last Minute Offensive  - 0:00
Last Minute Defensive  - 0:00
Total
Forward - 60:00
Defense - 60:00
Play-by-Play 1st period 0:01 of 1st period - Mika Zibanejad wins face-off versus Rocco Grimaldi in neutral zone. 0:01 of 1st period - Mika Zibanejad is hit by Kevin Fiala. 0:04 of 1st period - Off-side. 0:05 of 1st period - Robert Thomas wins face-off versus Sam Bennett in neutral zone. 0:13 of 1st period - Icing by Noah Hanifin. 0:14 of 1st period - Jonathan Toews wins face-off versus Sam Bennett in ANAHEIM OUTLAWS zone. 0:14 of 1st period - Rickard Rakell is hit by Noah Hanifin and loses puck. 0:31 of 1st period - Shot by Jeff Skinner. 0:31 of 1st period - Stopped by Cameron Talbot without a rebound. 0:32 of 1st period - Mika Zibanejad wins face-off versus Pius Suter in PORTLAND PIRATES zone. 1:10 of 1st period - Icing by Pierre Engvall. 1:11 of 1st period - Robert Thomas wins face-off versus Pius Suter in ANAHEIM OUTLAWS zone. 1:18 of 1st period - Thomas Hickey is hit by Yanni Gourde and loses puck. 1:35 of 1st period - Shot by Adrian Kempe. 1:35 of 1st period - Stopped by Cameron Talbot with a rebound. 1:45 of 1st period - Shot by Kevin Fiala. 1:45 of 1st period - Shot Misses the Net. 2:18 of 1st period - Minor Penalty to Haydn Fleury for Hooking. 2:19 of 1st period - Robert Thomas wins face-off versus Jeff Skinner in ANAHEIM OUTLAWS zone. 3:48 of 1st period - Icing by Chandler Stephenson. 3:49 of 1st period - Sam Bennett wins face-off versus Chandler Stephenson in PORTLAND PIRATES zone. 4:12 of 1st period - Shot by Chandler Stephenson. 4:12 of 1st period - Deflect By Rickard Rakell. 4:12 of 1st period - Shot Misses the Net. 4:14 of 1st period - Shot by Rickard Rakell. 4:14 of 1st period - Stopped by Robin Lehner without a rebound. 4:15 of 1st period - Mika Zibanejad wins face-off versus Sam Bennett in ANAHEIM OUTLAWS zone. 5:55 of 1st period - Icing by Travis Hamonic. 5:56 of 1st period - Sam Bennett wins face-off versus Mika Zibanejad in PORTLAND PIRATES zone. 6:09 of 1st period - Shot by Sam Bennett. 6:09 of 1st period - Shot Misses the Net. 6:11 of 1st period - Shot by Sam Bennett. 6:11 of 1st period - Shot Misses the Net. 6:21 of 1st period - Shot by Sam Bennett. 6:21 of 1st period - Stopped by Cameron Talbot without a rebound. 6:22 of 1st period - Jonathan Toews wins face-off versus Jack Quinn in PORTLAND PIRATES zone. 7:12 of 1st period - Rickard Rakell is hit by Michael Bunting. 7:47 of 1st period - Icing by Robert Thomas. 7:48 of 1st period - Robert Thomas wins face-off versus Rocco Grimaldi in PORTLAND PIRATES zone. 8:01 of 1st period - Shot by Yanni Gourde. 8:01 of 1st period - Shot Misses the Net. 8:03 of 1st period - Shot by Yanni Gourde. 8:03 of 1st period - Shot Blocked by Dylan Coghlan. 8:05 of 1st period - Shot by Robert Thomas. 8:05 of 1st period - Stopped by Robin Lehner with a rebound. 8:07 of 1st period - Shot by Yanni Gourde. 8:07 of 1st period - Deflect By Robert Thomas. 8:07 of 1st period - Shot Blocked by Dylan Coghlan. 8:09 of 1st period - Shot by Robert Thomas. 8:09 of 1st period - Deflect By Pavel Zacha. 8:09 of 1st period - Shot Misses the Net. 8:11 of 1st period - Shot by Yanni Gourde. 8:11 of 1st period - Shot Misses the Net. 8:27 of 1st period - Shot by Chandler Stephenson. 8:27 of 1st period - Shot Misses the Net. 8:29 of 1st period - Shot by Chandler Stephenson. 8:29 of 1st period - Stopped by Robin Lehner without a rebound. 8:30 of 1st period - Pius Suter wins face-off versus Mika Zibanejad in ANAHEIM OUTLAWS zone. 8:43 of 1st period - Shot by Chandler Stephenson. 8:43 of 1st period - Shot Misses the Net. 9:21 of 1st period - Icing by Chandler Stephenson. 9:22 of 1st period - Mika Zibanejad wins face-off versus Sam Bennett in PORTLAND PIRATES zone. 9:55 of 1st period - Shot by Pavel Zacha. 9:55 of 1st period - Shot Blocked by Thomas Hickey. 10:03 of 1st period - Shot by Pavel Zacha. 10:03 of 1st period - Stopped by Robin Lehner without a rebound. 10:04 of 1st period - Jonathan Toews wins face-off versus Kevin Fiala in ANAHEIM OUTLAWS zone. 10:21 of 1st period - Off-side. 10:22 of 1st period - Yanni Gourde wins face-off versus Kent Johnson in neutral zone. 10:22 of 1st period - Yanni Gourde is hit by Zack MacEwen. 10:57 of 1st period - Icing by Robert Thomas. 10:58 of 1st period - Rocco Grimaldi wins face-off versus Pavel Zacha in PORTLAND PIRATES zone. 11:23 of 1st period - Shot by Adrian Kempe. 11:23 of 1st period - Stopped by Cameron Talbot without a rebound. 11:24 of 1st period - Jonathan Toews wins face-off versus Sam Bennett in PORTLAND PIRATES zone. 11:54 of 1st period - Sam Bennett is hit by Travis Hamonic and loses puck. 12:07 of 1st period - Shot by Jonathan Toews. 12:07 of 1st period - Shot Misses the Net. 12:37 of 1st period - Shot by Travis Konecny. 12:37 of 1st period - Stopped by Robin Lehner without a rebound. 12:38 of 1st period - Robert Thomas wins face-off versus Rocco Grimaldi in ANAHEIM OUTLAWS zone. 12:40 of 1st period - Yanni Gourde is hit by Henri Jokiharju and loses puck. 13:09 of 1st period - Thomas Chabot is hit by Adrian Kempe and loses puck. 13:41 of 1st period - Off-side. 13:42 of 1st period - Jonathan Toews wins face-off versus Pius Suter in neutral zone. 13:47 of 1st period - Morgan Rielly is hit by Jonathan Toews and loses puck. 14:06 of 1st period - Shot by Pierre Engvall. 14:06 of 1st period - Stopped by Cameron Talbot without a rebound. 14:07 of 1st period - Michael Rasmussen wins face-off versus Travis Konecny in PORTLAND PIRATES zone. 14:34 of 1st period - Michael Rasmussen is hit by Mark Borowiecki and loses puck. 14:57 of 1st period - Shot by Sam Bennett. 14:57 of 1st period - Stopped by Cameron Talbot without a rebound. 14:58 of 1st period - Jonathan Toews wins face-off versus Pius Suter in PORTLAND PIRATES zone. 14:58 of 1st period - Jonathan Toews is hit by Pierre Engvall. 15:08 of 1st period - Icing by Rickard Rakell. 15:09 of 1st period - Sam Bennett wins face-off versus Jonathan Toews in PORTLAND PIRATES zone. 16:11 of 1st period - Yanni Gourde is hit by Adrian Kempe and loses puck. 17:25 of 1st period - Shot by Jack Quinn. 17:25 of 1st period - Stopped by Cameron Talbot without a rebound. 17:26 of 1st period - Mika Zibanejad wins face-off versus Michael Rasmussen in PORTLAND PIRATES zone. 18:02 of 1st period - Shot by Kent Johnson. 18:02 of 1st period - Shot Misses the Net. 18:04 of 1st period - Shot by Michael Rasmussen. 18:04 of 1st period - Shot Misses the Net. 18:36 of 1st period - Shot by Michael Bunting. 18:36 of 1st period - Shot Misses the Net. 18:38 of 1st period - Shot by Michael Bunting. 18:38 of 1st period - Stopped by Cameron Talbot with a rebound. 19:34 of 1st period - Icing by Adrian Kempe. 19:35 of 1st period - Robert Thomas wins face-off versus Rocco Grimaldi in ANAHEIM OUTLAWS zone. Goals for this period are 0 for ANAHEIM OUTLAWS vs 0 for PORTLAND PIRATES. Shots for this period are 8 for ANAHEIM OUTLAWS vs 5 for PORTLAND PIRATES. 2nd period 0:01 of 2nd period - Jonathan Toews wins face-off versus Rocco Grimaldi in neutral zone. 0:08 of 2nd period - Shot by Rickard Rakell. 0:08 of 2nd period - Stopped by Robin Lehner with a rebound. 0:20 of 2nd period - Shot by Jonathan Toews. 0:20 of 2nd period - Shot Misses the Net. 1:07 of 2nd period - Shot by Chandler Stephenson. 1:07 of 2nd period - Shot Misses the Net. 1:09 of 2nd period - Shot by Brian Dumoulin. 1:09 of 2nd period - Shot Blocked by Noah Hanifin. 1:11 of 2nd period - Shot by Brian Dumoulin. 1:11 of 2nd period - Shot Blocked by Pierre Engvall. 1:13 of 2nd period - Shot by Chandler Stephenson. 1:13 of 2nd period - Goal by Chandler Stephenson - ANAHEIM OUTLAWS : 0 - PORTLAND PIRATES : 1. 1:14 of 2nd period - Robert Thomas wins face-off versus Sam Bennett in neutral zone. 1:19 of 2nd period - Shot by Pavel Zacha. 1:19 of 2nd period - Shot Misses the Net. 1:21 of 2nd period - Shot by Brett Pesce. 1:21 of 2nd period - Goal by Brett Pesce - ANAHEIM OUTLAWS : 0 - PORTLAND PIRATES : 2. 1:22 of 2nd p